 Dungeon Crawl Stone Soup version 0.32-a0-136-gc02482bde3 (webtiles) character file.

Game seed: 14084643282246181919

539 CougarLife the Caller (level 7, -5/46 HPs)
             Began as a Merfolk Summoner on Feb 10, 2024.
             Slain by a troll (11 damage)
             ... on level 5 of the Dungeon.
             The game lasted 00:09:42 (5687 turns).

CougarLife the Caller (Merfolk Summoner)            Turns: 5687, Time: 00:09:42

Health: -5/46      AC:  5    Str:  8    XL:     7   Next: 26%
Magic:  3/13       EV: 17    Int: 16    God:
Gold:   136        SH:  0    Dex: 15    Spells: 1/14 levels left

rFire   . . .        o - +0 trident
rCold   . . .        (no shield)
rNeg    . . .        a - +0 robe
rPois   .            r - +1 helmet
rElec   .            (no cloak)
rCorr   .            (no gloves)
SInv    .            u - +0 pair of boots
Will    .....        (no amulet)
Stlth   ++           s - +5 ring of evasion
HPRegen 0.27/turn    (no ring)
MPRegen 0.13/turn

%: no passive effects
@: no status effects
A: (nimble swimmer 2), mertail
a: no special abilities


You were on level 5 of the Dungeon.
You visited 1 branch of the dungeon, and saw 5 of its levels.

You collected 227 gold pieces.
You spent 91 gold pieces at shops.

Inventory:

Hand Weapons
 o - a +0 trident (weapon)
Armour
 a - a +0 robe (worn)
 r - a +1 helmet (worn)
 u - a +0 pair of boots (worn)
Jewellery
 s - a +5 ring of evasion (left hand)
Wands
 q - a wand of flame (24)
 t - a wand of charming (14)
 v - a wand of roots (12)
Scrolls
 c - 3 scrolls of amnesia {unknown}
 d - 4 scrolls of teleportation {unknown}
 f - a scroll of torment {unknown}
 i - 2 scrolls of poison {unknown}
 j - 2 scrolls of revelation {unknown}
 k - 4 scrolls of identify {unknown}
Potions
 b - a potion of magic
 e - a potion of mutation {unknown}
 g - 2 potions of curing
 h - 2 potions of cancellation {unknown}
 l - 2 potions of might
 m - a potion of heal wounds {unknown}
 n - a potion of brilliance {unknown}
 p - a potion of attraction {unknown}


   Skills:
 + Level 4.3 Polearms
 - Level 2.6 Dodging
 - Level 2.1 Stealth
 + Level 4.4 Spellcasting
 + Level 5.9 Summonings
 * Level 0.0 Fire Magic
 - Level 2.1 Ice Magic


You had one spell level left.
You knew the following spells:

 Your Spells              Type           Power      Damage    Failure   Level
a - Summon Small Mammal   Summ           88%        N/A       1%          1
b - Call Imp              Summ           44%        N/A       2%          2
c - Call Canine Familiar  Summ           22%        N/A       4%          3
d - Summon Ice Beast      Ice/Summ       16%        N/A       10%         3
e - Summon Blazeheart Go  Fire/Summ      13%        N/A       43%         4

Your spell library contained the following spells:

 Spells                   Type           Power      Damage    Failure   Level
 Freeze                   Ice            40%        1d6       7%          1
 Sandblast                Erth           6%         2d5       16%         1
 Frozen Ramparts          Ice            20%        1d4       21%         3
 Hailstorm                Conj/Ice       7%         3d5       30%         3
 Passwall                 Erth           3%         N/A       43%         3
 Stone Arrow              Conj/Erth      6%         3d7       43%         3
 Summon Lightning Spire   Summ/Air       13%        N/A       43%         4
 Brom's Barrelling Bould  Conj/Erth      3%         2d3       85%         4
 Sculpt Simulacrum        Ice/Alch       3%         N/A       100%        6


Dungeon Overview and Level Annotations

Branches:
Dungeon (5/15)
 Temple: D:4-7

Altars:
Gozag
Makhleb
Xom
Yredelemnul

Shops:
D:3 !

Annotations:
D:1 2 runed translucent doors


Innate Abilities, Weirdness & Mutations

((You are very nimble when in or above water. (Stealth+, EV+, Speed+++)))
Your lower body shifts to a powerful aquatic tail in water.


Message History

Your ice beast dies!
Your ice beast disappears in a puff of smoke!
Casting: Summon Ice Beast (dangerous; 10% risk of failure)
Confirm with . or Enter, or press ? or * to list all spells.
You don't have enough magic to cast this spell.
Reach: o) +0 trident
Press: ? - help, Dir - move target, f/p - troll
Aim: a troll (almost dead, about 41% to evade your +0 trident)
You reach to attack!
You hit the troll but do no damage.
The troll is almost dead.
Reach: o) +0 trident
Press: ? - help, Dir - move target, f/p - troll
Aim: a troll (almost dead, about 41% to evade your +0 trident)
You hit the troll but do no damage. Your punch misses the troll.
The troll is almost dead.
The troll bites you! The troll closely misses you. The troll claws you!
Reach: o) +0 trident
Press: ? - help, Dir - move target, f/p - troll
Aim: a troll (severely wounded, about 41% to evade your +0 trident)
You hit the troll but do no damage.
The troll is severely wounded.
The troll barely misses you. The troll misses you. The troll claws you!
Casting: Summon Ice Beast (dangerous; 10% risk of failure)
Confirm with . or Enter, or press ? or * to list all spells.
You don't have enough magic to cast this spell.
Reach: o) +0 trident
Press: ? - help, Dir - move target, f/p - troll
Aim: a troll (severely wounded, about 41% to evade your +0 trident)
You puncture the troll! You punch the troll, but do no damage.
The troll is almost dead.
The troll bites you!
* * * LOW HITPOINT WARNING * * *
The troll completely misses you. The troll claws you.
* * * LOW HITPOINT WARNING * * *
Casting: Summon Ice Beast (dangerous; 10% risk of failure)
Confirm with . or Enter, or press ? or * to list all spells.
You don't have enough magic to cast this spell.
Your familiar recovers from its injuries.
The troll attacks as it pursues you! The troll bites you!
You die...

..# #.# #.#######.#
# #.#...##.# #.
#...#.##.## #.#
##..###....##
#.###.##.#......##
###...####.##......
##.......######...##
##..@#.##.# #.###
#...T..# .# #.#
##..>####.# ##+##
##.......# ##...##
#.####### ##.....##
.... ##.......#
#.##.#. #......... #
#.... +......... #..
.. #.<.......


You could see a troll.

Vanquished Creatures
  Eustachio (D:4)
  A sleepcap (D:4)
  An iguana (D:4)
  An orc wizard (D:4)
  2 gnolls
  A ribbon worm (D:2)
  2 orcs (D:4)
  3 bats
  4 endoplasms
  A giant cockroach (D:1)
  A hobgoblin (D:1)
  7 kobolds
  A quokka (D:3)
  5 ball pythons
  8 frilled lizards
  4 goblins
  4 rats
47 creatures vanquished.

Vanquished Creatures (collateral kills)
  A bombardier beetle (D:4)
  An iguana (D:4)
  Natasha (thrice) (D:4)
  An orc wizard (D:4)
  2 gnolls (D:3)
  4 adders
  2 ufetubi (D:5)
  4 orcs (D:4)
  2 ball pythons
  3 endoplasms
  A giant cockroach (D:2)
  3 goblins
  2 hobgoblins
  6 kobolds
  2 quokkas
  A bat (D:1)
  3 frilled lizards
  A rat (D:1)
42 creatures vanquished.

Grand Total: 89 creatures vanquished

Notes
Turn   | Place    | Note
-------+----------+-------------------------------------------
     0 | D:1      | CougarLife the Merfolk Summoner began the quest for the
                  | Orb.
     0 | D:1      | Reached XP level 1. HP: 13/13 MP: 3/3
   121 | D:1      | Found a large runed translucent door.
   121 | D:1      | Found a large runed translucent door.
   174 | D:1      | Reached XP level 2. HP: 19/19 MP: 5/5
   670 | D:1      | Learned a level 2 spell: Call Imp
  1501 | D:2      | Reached XP level 3. HP: 12/24 MP: 2/7
  1552 | D:2      | Learned a level 3 spell: Call Canine Familiar
  2051 | D:2      | Reached XP level 4. HP: 30/30 MP: 3/8
  2231 | D:2      | Learned a level 3 spell: Summon Ice Beast
  2470 | D:3      | Found an opulent altar of Gozag.
  2504 | D:2      | Reached skill level 1 in Polearms
  2504 | D:2      | Reached skill level 1 in Ice Magic
  2873 | D:3      | Found Ciseraej's Distillery.
  2924 | D:3      | Reached XP level 5. HP: 35/35 MP: 6/9
  2926 | D:3      | Bought a potion of curing for 39 gold pieces
  2926 | D:3      | Bought a potion of might for 52 gold pieces
  3528 | D:4      | Reached skill level 5 in Summonings
  3560 | D:4      | Found a basalt altar of Yredelemnul.
  3703 | D:4      | Noticed Eustachio
  3718 | D:4      | Killed Eustachio
  3719 | D:4      | Reached XP level 6. HP: 33/41 MP: 6/11
  4365 | D:4      | HP: 2/41 [poisoned by an orc wizard]
  4383 | D:4      | Reached XP level 7. HP: 19/46 MP: 5/13
  4669 | D:4      | Noticed Natasha
  4681 | D:4      | Killed Natasha
  5146 | D:4      | Found a burning altar of Makhleb.
  5230 | D:4      | Noticed Natasha
  5236 | D:4      | Killed Natasha
  5339 | D:4      | Noticed Natasha
  5346 | D:4      | Killed Natasha
  5531 | D:5      | Entered Level 5 of the Dungeon
  5548 | D:5      | Found a shimmering altar of Xom.
  5658 | D:5      | Noticed a troll
  5665 | D:5      | Learned a level 4 spell: Summon Blazeheart Golem
  5687 | D:5      | Slain by a troll

Illustrated notes

Levels and vault maps discovered:
D:1:      erik_arrival_cave_to_civilisation [erik_arrival_cave_to_temple],
          layout_basic
D:2:      kennysheep_six_static_rooms, layout_basic
D:3:      layout_basic, grunt_gozag_breadcrumbs, serial_shops,
          nicolae_shop_industrial_runoff
D:4:      layout_basic, kennysheep_mini_moat, mainiacjoe_overflow_brackets,
          minmay_misc_feat_encased, uniq_natasha, uniq_eustachio
D:5:      layout_loops_corners, mainiacjoe_overflow_six_doors_small,
          chequers_temple_overflow_statue_of_worship, chei_slow_surprise,
          lemuel_crystal_altar

Skill      XL: |  1  2  3  4  5  6 |
---------------+-------------------+-----
Spellcasting   | 3 4 |  4.4
Polearms       | 1 3 4 |  4.3
Ice Magic      | 1 2 |  2.1
Summonings     | 5 |  5.9
Dodging        | |  2.6
Stealth        | |  2.1

Action                     |  1- 3 |  4- 6 |  7- 9 || total
---------------------------+-------+-------+-------++-------
  Melee: Unarmed           |    24 |       |       ||    24
         Short sword       |    10 |       |       ||    10
         Punch             |     2 |     3 |     1 ||     6
         Dagger            |    48 |       |       ||    48
         Spear             |     6 |     7 |       ||    13
         Trident           |       |    95 |    16 ||   111
   Cast: Summon Small Mamm |    20 |     3 |       ||    23
         Call Imp          |     5 |     8 |     3 ||    16
         Call Canine Famil |     5 |    11 |     5 ||    21
         Summon Ice Beast  |       |     3 |     4 ||     7
    Use: Potion            |       |     3 |       ||     3
   Stab: Sleeping          |     6 |     6 |       ||    12
         Distracted        |     1 |     2 |     1 ||     4
 Armour: Robe              |    60 |    40 |    12 ||   112
  Dodge: Dodged            |    60 |    42 |     8 ||   110

Table legend: (Time is in decaauts)
 A = Elapsed time spent in this place.
 B = Non-inter-level travel time spent in this place.
 C = Inter-level travel time spent in this place.
 D = Time resting spent in this place.
 E = Time spent auto-exploring this place.
 F = Levels seen in this place.
 G = Mean time per level.
                   A        B        C        D        E       F      G
               +--------+--------+--------+--------+--------+-----+--------+
         Total |   5705 |   5522 |    183 |   1256 |   3374 |   5 | 1141.0 |
       Dungeon |   5705 |   5522 |    183 |   1256 |   3374 |   5 | 1141.0 |
               +--------+--------+--------+--------+--------+-----+--------+

Top non-repeatable levels by time:
     D:4: 2027 daAuts
     D:1: 1394 daAuts
     D:2: 1095 daAuts
     D:3: 1030 daAuts
     D:5: 157 daAuts
